 Dungeon Crawl Stone Soup version bcrawl-1.40.3b (webtiles) character file.

Game seed: 7202419735432265861

346936 Finalfun the Covert (level 10, -10/76 HPs)
             Began as a Gnoll Archaeologist on Mar 24, 2024.
             Was an Initiate of Gozag.
             Mangled by an orc knight
             ... wielding a +0 halberd
              (11 damage)
             ... in a bailey.
             The game lasted 00:13:17 (7146 turns).

Finalfun the Covert (Gnoll Archaeologist)           Turns: 7146, Time: 00:13:17

Health: -10/76     AC: 20    Str: 18    XL:     10   Next: 53%
Magic:  17/17      EV:  9    Int: 16    God:    Gozag
Gold:   1780       SH:  0    Dex: 17    Spells: 19/19 levels left

rFire    . . .     GDR:     32% w - +2 trident (flame)
rCold    . . .     SeeInvis +   (no shield)
rNeg     + . .     Gourm    .   J - +0 plate armour
rPois    .         Faith    .   C - +1 helmet
rElec    +         Spirit   .   p - +2 cloak
rCorr    .         Reflect  .   (no gloves)
MR       .....                  g - +1 pair of boots
Stlth    ..........             (no amulet)
HPRegen  0.22/turn              a - ring of Loac {*Contam rElec rN+ Slay+5 SInv}
MPRegen  0.15/turn              N - +4 ring of dexterity

@: studying Fighting
A: distributed training, fangs 1, strong nose
a: Potion Petition, Call Merchant, Bribe Branch, Renounce Religion


You were in a bailey.
You worshipped Gozag.
Gozag was most pleased with you.
You were very hungry.

You visited 1 branch of the dungeon, and saw 8 of its levels.
You also visited: Sewer and Bailey.

You collected 1832 gold pieces.
You paid 52 gold pieces to Gozag.

Inventory:

Hand Weapons
 b - a +0 blowgun
 j - a +1 falchion of holy wrath
 w - a +2 trident of flaming (weapon)
 M - the +3 mace of Igajiz {venom, +Fly rN+ MP+9 Dex-5, unknown}
   (You found it on level 6 of the Dungeon)

   It poisons the flesh of those it strikes.
   It affects your dexterity (-5).
   It protects you from negative energy.
   It affects your magic capacity (+9).
   It lets you fly.
Missiles
 d - 50 poisoned tomahawks (quivered)
 f - 14 curare-tipped needles
 m - 1278 stones
 s - 163 poisoned needles
 H - 1160 arrows
 I - 250 bolts
Armour
 g - a +1 pair of boots (worn)
 p - a +2 cloak (worn)
 C - a +1 helmet (worn)
 J - a +0 plate armour (worn)
Jewellery
 a - the ring of Loac (left hand) {*Contam rElec rN+ Slay+5 SInv}
   (You acquired it on level 4 of the Dungeon)

   [ring of positive energy]

   It affects your accuracy and damage with ranged weapons and melee attacks
   (+5).
   It insulates you from electricity.
   It protects you from negative energy.
   It lets you see invisible.
   It causes magical contamination when unequipped.
 l - an uncursed ring of wizardry
 G - the ring "Gaediot" {Ice Str+3}
   (You found it on level 4 of the Dungeon)

   [ring of ice]

   It enhances your ice magic.
   It affects your strength (+3).
   It makes you vulnerable to fire.
   It protects you from cold.
 N - a +4 ring of dexterity (right hand)
Wands
 i - a wand of flame (25)
 B - a wand of iceblast (6)
 L - a wand of charming (7)
Scrolls
 n - 6 scrolls of enchant weapon
 t - 5 scrolls of remove curse
 v - 4 scrolls of teleportation {unknown}
 x - a scroll of revelation
 y - 2 scrolls of fog {unknown}
 A - 2 scrolls of fear {unknown}
 D - a scroll of amnesia {unknown}
 F - 3 scrolls of enchant armour
 K - a scroll of immolation {unknown}
Potions
 c - a potion of lignification {unknown}
 h - 2 potions of berserk rage {unknown}
 k - 5 potions of heal wounds
 o - a potion of brilliance
 q - a potion of mutation
 r - a potion of agility {unknown}
 u - 6 potions of curing
 z - a potion of might
 E - a potion of magic {unknown}
 O - a potion of experience {unknown}
Comestibles
 e - 7 rations {!d}


   Skills:
 + Level 6.2 Fighting
 + Level 5.2 Short Blades
 + Level 5.2 Long Blades
 + Level 5.2 Axes
 + Level 5.9 Maces & Flails
 + Level 5.2 Polearms
 + Level 5.2 Staves
 + Level 5.2 Slings
 + Level 5.2 Bows
 + Level 5.2 Crossbows
 + Level 5.2 Throwing
 + Level 5.2 Armour
 + Level 8.5 Dodging
 + Level 8.5 Stealth
 + Level 5.2 Shields
 + Level 5.2 Unarmed Combat
 + Level 5.2 Spellcasting
 + Level 4.3 Conjurations
 + Level 4.3 Hexes
 + Level 4.3 Charms
 + Level 4.3 Summonings
 + Level 4.3 Necromancy
 + Level 4.3 Translocations
 + Level 4.3 Transmutations
 + Level 4.3 Fire Magic
 + Level 4.3 Ice Magic
 + Level 4.3 Air Magic
 + Level 4.3 Earth Magic
 + Level 4.3 Poison Magic
 + Level 5.8 Invocations
 + Level 5.2 Evocations


You had 19 spell levels left.
You didn't know any spells.
Your spell library was empty.

Dungeon Overview and Level Annotations

Branches:
Dungeon (8/12)             Temple (0/1) D:7             Orc (0/1) D:8
   Lair: D:7-9

Altars:
Dithmenos
Elyvilon
Fedhas
Gozag
Hepliaklqana
Lugonu
Nemelex Xobeh
Okawaru
Sif Muna
Trog
Vehumet
Xom
Zin


Innate Abilities, Weirdness & Mutations

Your experience applies equally to all skills.
You have very sharp teeth.
Your uncanny sense of smell can sniff out nearby items.


Message History

The poisoned tomahawk hits the orc knight.
The orc knight looks more poisoned.
The orc knight is lightly wounded.
Attack whom?
Press: ? - help, Dir - move target cursor, f/p - orc knight
Aim: an orc knight, wielding a +0 halberd and wearing a +0 plate armour (lightly wounded, poisoned)
You reach to attack!
You barely miss the orc knight.
The orc knight is lightly wounded.
The orc knight hits you but does no damage.
The orc warrior hits you from afar with a +0 halberd!!
Attack whom?
Press: ? - help, Dir - move target cursor, f/p - orc knight
Aim: an orc knight, wielding a +0 halberd and wearing a +0 plate armour (moderately wounded, poisoned)
You reach to attack!
You puncture the orc knight! You burn the orc knight.
The orc knight is moderately wounded.
The orc warrior hits you from afar with a +0 halberd!!
* * * LOW HITPOINT WARNING * * *
The orc knight hits you from afar with a +0 halberd!
You die...
Your body crumbles into a pile of gold.

#### ############ ...##
##........∩.##
....######............#
....#....#...........)#
..)))).)))....o.@..)))#
...)#...)#....o....)..#
....######.........)).#
...## ##........∩.##
#### ############


You could see an orc knight and an orc warrior.

Vanquished Creatures
  A wolf spider zombie (D:7)
  Pikel (D:7)
  Prince Ribbit (D:7)
  2 hippogriffs
  3 sky beasts
  A hornet zombie (D:6)
  10 orc warriors
  A slave (D:7)
  2 ice beasts
  A phantom (D:5)
  4 ogres
  A kobold brigand (D:7)
  3 centaurs
  A killer bee (D:7)
  A howler monkey (D:5)
  3 orc priests
  6 crimson imps
  A bullfrog zombie (D:5)
  A hound (D:5)
  A bullfrog skeleton (D:5)
  2 jellies (D:6)
  8 orc wizards
  2 iguanas
  3 worker ants
  A killer bee zombie (D:7)
  4 hound skeletons
  9 gnolls
  10 adders
  An adder skeleton (D:7)
  4 dart slugs
  8 leopard geckos
  51 orcs
  7 goblins
  7 hobgoblins
  21 jackals
  14 kobolds
  3 ball pythons
  2 bats
  6 frilled lizards
  2 rats (D:1)
210 creatures vanquished.

Vanquished Creatures (others)
  A wizard (D:6)
  A slave (D:7)
  A hound (D:7)
  An orc wizard (D:7)
  A worker ant (D:7)
  A howler monkey skeleton (D:7)
6 creatures vanquished.

Grand Total: 216 creatures vanquished

Notes
Turn   | Place    | Note
-------+----------+-------------------------------------------
     0 | D:1      | Finalfun the Gnoll Archaeologist began the quest for the
                  | Orb.
     0 | D:1      | Reached XP level 1. HP: 17/17 MP: 1/1
   151 | D:1      | Reached XP level 2. HP: 23/23 MP: 2/2
   771 | D:2      | Found a glowing silver altar of Zin.
   771 | D:2      | Noticed an angel
   777 | D:2      | Found a shimmering altar of Xom.
   823 | D:2      | Found a shadowy altar of Dithmenos.
   844 | D:2      | Reached XP level 3. HP: 28/28 MP: 3/3
  1075 | D:2      | Reached skill level 1 in Invocations
  1338 | D:2      | Found a white marble altar of Elyvilon.
  1338 | D:2      | Found a radiant altar of Vehumet.
  1649 | D:3      | Found a faded altar of an unknown god.
  1689 | D:3      | Found a glowing drain.
  1694 | Sewer    | Entered a sewer
  1746 | Sewer    | Reached skill level 1 in Short Blades
  1746 | Sewer    | Reached skill level 1 in Long Blades
  1746 | Sewer    | Reached skill level 1 in Axes
  1746 | Sewer    | Reached skill level 1 in Polearms
  1746 | Sewer    | Reached skill level 1 in Staves
  1746 | Sewer    | Reached skill level 1 in Slings
  1746 | Sewer    | Reached skill level 1 in Bows
  1746 | Sewer    | Reached skill level 1 in Crossbows
  1746 | Sewer    | Reached skill level 1 in Throwing
  1746 | Sewer    | Reached skill level 1 in Armour
  1746 | Sewer    | Reached skill level 1 in Shields
  1746 | Sewer    | Reached skill level 1 in Unarmed Combat
  1746 | Sewer    | Reached skill level 1 in Spellcasting
  1746 | Sewer    | Reached skill level 1 in Evocations
  1746 | Sewer    | Reached XP level 4. HP: 34/34 MP: 5/5
  1799 | Sewer    | Noticed Purgy
  2209 | D:3      | Found an opulent altar of Gozag.
  2218 | D:3      | Became a worshipper of Gozag Ym Sagoz the Greedy
  2474 | D:4      | Reached skill level 1 in Conjurations
  2474 | D:4      | Reached skill level 1 in Hexes
  2474 | D:4      | Reached skill level 1 in Charms
  2474 | D:4      | Reached skill level 1 in Summonings
  2474 | D:4      | Reached skill level 1 in Necromancy
  2474 | D:4      | Reached skill level 1 in Translocations
  2474 | D:4      | Reached skill level 1 in Transmutations
  2474 | D:4      | Reached skill level 1 in Fire Magic
  2474 | D:4      | Reached skill level 1 in Ice Magic
  2474 | D:4      | Reached skill level 1 in Air Magic
  2474 | D:4      | Reached skill level 1 in Earth Magic
  2474 | D:4      | Reached skill level 1 in Poison Magic
  2505 | D:4      | Got a crude steel ring
  2553 | D:4      | Reached XP level 5. HP: 34/40 MP: 6/6
  2553 | D:4      | Identified a scroll of acquirement
  2557 | D:4      | Identified the ring "Gaediot" {Ice Str+3} (You found it on
                  | level 4 of the Dungeon)
  2648 | D:4      | Identified the ring of Loac {*Contam rElec rN+ Slay+5 SInv}
                  | (You acquired it on level 4 of the Dungeon)
  2666 | D:4      | Noticed an ogre
  2668 | D:4      | Killed an ogre
  2694 | D:4      | Reached XP level 6. HP: 33/47 MP: 8/8
  3243 | D:5      | Entered Level 5 of the Dungeon
  3251 | D:5      | Noticed an ice beast
  3259 | D:5      | Killed an ice beast
  3262 | D:5      | Reached XP level 7. HP: 52/52 MP: 8/10
  3274 | D:5      | Found a corrupted altar of Lugonu.
  3716 | D:5      | Reached XP level 8. HP: 60/60 MP: 10/12
  4505 | D:6      | Got a transparent mace
  4523 | D:6      | Noticed a hippogriff
  4531 | D:6      | Killed a hippogriff
  4547 | D:6      | Reached XP level 9. HP: 58/66 MP: 14/14
  4680 | D:6      | Found a bloodstained altar of Trog.
  4681 | D:6      | Noticed a wizard
  4687 | D:6      | Killed a wizard
  4741 | D:6      | Found a hazy altar of Hepliaklqana.
  4741 | D:6      | Found a blossoming altar of Fedhas.
  5275 | D:6      | Reached skill level 5 in Fighting
  5275 | D:6      | Reached skill level 5 in Maces & Flails
  5483 | D:7      | Noticed Pikel
  5488 | D:7      | Killed Pikel
  5499 | D:7      | Reached skill level 5 in Invocations
  5520 | D:7      | Reached XP level 10. HP: 30/75 MP: 15/17
  5796 | D:7      | Found a sparkling altar of Nemelex Xobeh.
  5838 | D:7      | Found a shimmering blue altar of Sif Muna.
  5969 | D:7      | Noticed Prince Ribbit
  5975 | D:7      | Killed Prince Ribbit
  5976 | D:7      | Reached skill level 5 in Short Blades
  5976 | D:7      | Reached skill level 5 in Long Blades
  5976 | D:7      | Reached skill level 5 in Axes
  5976 | D:7      | Reached skill level 5 in Polearms
  5976 | D:7      | Reached skill level 5 in Staves
  5976 | D:7      | Reached skill level 5 in Slings
  5976 | D:7      | Reached skill level 5 in Bows
  5976 | D:7      | Reached skill level 5 in Crossbows
  5976 | D:7      | Reached skill level 5 in Throwing
  5976 | D:7      | Reached skill level 5 in Armour
  5976 | D:7      | Reached skill level 5 in Shields
  5976 | D:7      | Reached skill level 5 in Unarmed Combat
  5976 | D:7      | Reached skill level 5 in Spellcasting
  5976 | D:7      | Reached skill level 5 in Evocations
  6241 | D:7      | Found a bloodstained altar of Trog.
  6242 | D:7      | Found an iron altar of Okawaru.
  6616 | D:7      | Found a staircase to the Ecumenical Temple.
  6730 | D:8      | Found a flagged portal.
  6749 | Bailey   | Entered a bailey
  7108 | Bailey   | Noticed an orc knight
  7146 | Bailey   | HP: 1/76 [orc warrior/+0 halberd (32)]
  7146 | Bailey   | Mangled by an orc knight

Skill      XL: |  1  2  3  4  5  6  7  8  9 10 |
---------------+-------------------------------+-----
Invocations    | 1 2 3 4 5 |  5.8
Short Blades   | 1 2 3 4 5 |  5.2
Long Blades    | 1 2 3 4 5 |  5.2
Axes           | 1 2 3 4 5 |  5.2
Polearms       | 1 2 3 4 5 |  5.2
Staves         | 1 2 3 4 5 |  5.2
Slings         | 1 2 3 4 5 |  5.2
Bows           | 1 2 3 4 5 |  5.2
Crossbows      | 1 2 3 4 5 |  5.2
Throwing       | 1 2 3 4 5 |  5.2
Armour         | 1 2 3 4 5 |  5.2
Shields        | 1 2 3 4 5 |  5.2
Unarmed Combat | 1 2 3 4 5 |  5.2
Spellcasting   | 1 2 3 4 5 |  5.2
Evocations     | 1 2 3 4 5 |  5.2
Conjurations   | 1 2 3 4 |  4.3
Hexes          | 1 2 3 4 |  4.3
Charms         | 1 2 3 4 |  4.3
Summonings     | 1 2 3 4 |  4.3
Necromancy     | 1 2 3 4 |  4.3
Translocations | 1 2 3 4 |  4.3
Transmutations | 1 2 3 4 |  4.3
Fire Magic     | 1 2 3 4 |  4.3
Ice Magic      | 1 2 3 4 |  4.3
Air Magic      | 1 2 3 4 |  4.3
Earth Magic    | 1 2 3 4 |  4.3
Poison Magic   | 1 2 3 4 |  4.3
Fighting       | 3 4 5 6 |  6.2
Maces & Flails | 3 4 5 |  5.9
Dodging        | 7 8 |  8.5
Stealth        | 7 8 |  8.5

Action                   |  1- 3 |  4- 6 |  7- 9 | 10-12 || total
-------------------------+-------+-------+-------+-------++-------
Melee: Whip              |   115 |    93 |       |       ||   208
       Bite              |     9 |     8 |    22 |    11 ||    50
       Trident           |       |    44 |   251 |   154 ||   449
       Punch             |       |       |     3 |     3 ||     6
Throw: Stone             |     7 |     8 |       |    11 ||    26
       Tomahawk          |       |       |       |     2 ||     2
  Use: Scroll            |     1 |     6 |       |     4 ||    11
       Potion            |       |       |       |     1 ||     1
 Stab: Sleeping          |     8 |     7 |     9 |       ||    24
       Distracted        |       |     1 |     1 |     1 ||     3
  Eat: Chunk             |     6 |     3 |       |     2 ||    11
       Ration            |       |     1 |     4 |     2 ||     7
Armor: Robe              |    31 |    44 |    21 |       ||    96
       Plate armour      |       |       |    82 |    78 ||   160
Dodge: Dodged            |    71 |   133 |   104 |    80 ||   388
